[Event "Titled Tuesday Blitz September 13 Late 2022"]
[White "Indjic, Aleksandar"]
[Black "Tari, Aryan"]
[WhiteFideId "911925"]
[BlackFideId "1510045"]
[WhiteElo "2592"]
[BlackElo "2612"]
[Result "1-0"]
[Round "11"]
[TimeControl "180+1"]
[Date "2022.09.13"]
[WhiteClock "0:00:39"]
[BlackClock "0:00:04"]

1. d4 d5 2. Nf3 Nf6 3. Bf4 c5 4. e3 Nc6 5. Nbd2 cxd4 6. exd4 Qb6 7. Nb3 Bf5 8. c3 e6 9. Be2 h6 10. h3 Be7 11. O-O O-O 12. a4 a6 13. a5 Qd8 14. Ne5 Nxe5 15. Bxe5 Nd7 16. Bg3 Rc8 17. Nc1 Nb8 18. Bxb8 Rxb8 19. Bd3 Be4 20. Qe2 Bxd3 21. Nxd3 Qc7 22. g3 Rfc8 23. h4 Qc4 24. Rfe1 Bf6 25. Qf3 b6 26. axb6 Rxb6 27. Kg2 Rcb8 28. Ra5 Rb5 29. Raa1 Rb3 30. Re3 Qb5 31. Rh1 Qe8 32. g4 Qe7 33. g5 hxg5 34. hxg5 Bxg5 35. Qh5 Bh6 36. Rg3 Qf6 37. Qxh6 Qxh6 38. Rxh6 a5 39. Rh4 a4 40. Rgh3 f6 41. Nc5 Rxb2 42. Nxa4 R2b5 43. Nc5 Kf7 44. Re3 R8b6 45. Rh8 e5 46. Rd8 e4 47. Rxd5 Rb2 48. Nxe4 Rc2 49. Rd7+ Ke6 50. Nc5+ Kf5 51. Rxg7 1-0


[Site "https://www.chess.com"]

[Event "Titled Tuesday Blitz September 13 Late 2022"]
[White "Jobava, Baadur"]
[Black "Kravtsiv, Martyn"]
[WhiteFideId "13601520"]
[BlackFideId "14113147"]
[WhiteElo "2582"]
[BlackElo "2694"]
[Result "1-0"]
[Round "11"]
[TimeControl "180+1"]
[Date "2022.09.13"]
[WhiteClock "0:00:11"]
[BlackClock "0:00:03"]

1. e4 e5 2. Nf3 Nc6 3. d4 exd4 4. Nxd4 Nf6 5. Nxc6 bxc6 6. Bd3 d5 7. exd5 cxd5 8. O-O Be7 9. h3 O-O 10. Nd2 c6 11. Re1 Bd6 12. b3 Nd7 13. Bb2 Nc5 14. Nf3 Bd7 15. c4 Be6 16. Bc2 Re8 17. Nd4 dxc4 18. Nxe6 Nxe6 19. bxc4 Rb8 20. Rb1 Bc7 21. Qh5 h6 22. Qf5 g6 23. Qf3 Nd4 24. Bxd4 Rxb1 25. Rxb1 Qxd4 26. Rd1 Qe5 27. g3 Re7 28. Qxc6 Qe2 29. Bb3 Kg7 30. c5 h5 31. h4 Qg4 32. Qd5 Bxg3 33. fxg3 Qxg3+ 34. Qg2 Qxh4 35. Qf2 Qg4+ 36. Qg2 Qf4 37. Rf1 Qe3+ 38. Qf2 Qg5+ 39. Kh2 f6 40. c6 h4 41. Rg1 Qe5+ 42. Kh1 Qe4+ 43. Qg2 Qxg2+ 44. Kxg2 f5 45. Rd1 Kf6 46. Rd6+ Kg5 47. Rd7 Re2+ 48. Kf3 Re1 49. c7 Rc1 50. Be6 h3 51. Rh7 Rc3+ 52. Ke2 h2 53. c8=Q 1-0


[Site "https://www.chess.com"]

[Event "Titled Tuesday Blitz September 13 Late 2022"]
[White "Jorquera, Marcelo"]
[Black "Martins, Bruno Andre Leite"]
[WhiteFideId "3401197"]
[BlackFideId "1942255"]
[WhiteElo "2136"]
[BlackElo "2282"]
[Result "1/2-1/2"]
[Round "11"]
[TimeControl "180+1"]
[Date "2022.09.13"]
[WhiteClock "0:00:07"]
[BlackClock "0:00:02"]

1. e4 c5 2. Nc3 Nc6 3. g3 e6 4. Bg2 g6 5. d3 Nge7 6. Be3 d6 7. Qd2 h6 8. f4 Bg7 9. Nf3 Qa5 10. d4 cxd4 11. Nxd4 O-O 12. O-O Nxd4 13. Bxd4 Bxd4+ 14. Qxd4 Qc5 15. Rad1 Nc6 16. Qf2 Rd8 17. Rd2 Kf8 18. Rfd1 Ke7 19. Kh1 Qxf2 20. Rxf2 a6 21. Rfd2 b5 22. e5 d5 23. Ne2 Bb7 24. Nd4 Rac8 25. Nxc6+ Rxc6 26. c3 a5 27. Rd4 Rc4 28. Bf1 Rxd4 29. Rxd4 Bc6 30. Kg1 Rb8 31. a3 f6 32. exf6+ Kxf6 33. Kf2 g5 34. Ke3 gxf4+ 35. Rxf4+ Ke5 36. Rh4 b4 37. axb4 axb4 38. Rh5+ Kd6 39. Rxh6 bxc3 40. bxc3 Rb3 41. Kd2 Rb2+ 42. Ke3 Rc2 43. Kd3 Rf2 44. Bh3 Bd7 45. Ke3 Rxh2 46. g4 Kc5 47. g5 Rc2 48. Kd3 Rh2 49. Bg4 Rxh6 50. gxh6 Be8 51. Bxe6 Bg6+ 52. Ke3 Kc4 53. Kf4 Kxc3 54. Bxd5 Kd4 55. Be6 Bh7 56. Bf5 Bg8 57. Kg5 Ke5 58. Bg6 Ke6 59. h7 Bxh7 1/2-1/2


[Site "https://www.chess.com"]

[Event "Titled Tuesday Blitz September 13 Late 2022"]
[White "Kamsky, Gata"]
[Black "Shimanov, Aleksandr"]
[WhiteFideId "2000024"]
[BlackFideId "4198603"]
[WhiteElo "2666"]
[BlackElo "2605"]
[Result "1-0"]
[Round "11"]
[TimeControl "180+1"]
[Date "2022.09.13"]
[WhiteClock "0:00:20"]
[BlackClock "0:00:01"]

1. e4 d5 2. exd5 Qxd5 3. Nc3 Qe5+ 4. Be2 Bg4 5. d4 Bxe2 6. Ngxe2 Qa5 7. O-O Nf6 8. d5 c6 9. Nf4 cxd5 10. Ncxd5 Nxd5 11. Nxd5 Nc6 12. c4 e6 13. Bd2 Qd8 14. Re1 Be7 15. Bc3 O-O 16. Qg4 g6 17. Rad1 exd5 18. cxd5 Nb8 19. Qd4 f6 20. d6 Bxd6 21. Qxd6 Qxd6 22. Rxd6 Nc6 23. Bxf6 Rae8 24. Rxe8 Rxe8 25. g3 Kf7 26. Bc3 Re7 27. Kg2 Ke8 28. h4 Ne5 29. Rd5 Nc6 30. h5 Re6 31. g4 a6 32. Kg3 Ne7 33. Ra5 Nc6 34. Rg5 Kf7 35. hxg6+ hxg6 36. Rd5 Re7 37. Kf4 Ke6 38. Rd2 Kf7 39. Kg5 Ne5 40. Rd6 Nf3+ 41. Kf4 Nh2 42. Rf6+ Kg7 43. Rxa6+ Kh7 44. Rf6 Rd7 45. f3 1-0


[Site "https://www.chess.com"]

[Event "Titled Tuesday Blitz September 13 Late 2022"]
[White "Keymer, Vincent"]
[Black "Bortnyk, Mykola"]
[WhiteFideId "12940690"]
[BlackFideId "14120836"]
[WhiteElo "2585"]
[BlackElo "2582"]
[Result "1/2-1/2"]
[Round "11"]
[TimeControl "180+1"]
[Date "2022.09.13"]
[WhiteClock "0:00:11"]
[BlackClock "0:00:14"]

1. Nf3 Nf6 2. c4 e6 3. Nc3 d5 4. e3 Be7 5. b3 c5 6. cxd5 Nxd5 7. Bb2 Nxc3 8. Bxc3 Bf6 9. Qc2 Nd7 10. Bd3 Bxc3 11. dxc3 Nf6 12. O-O-O Qb6 13. Ne5 Bd7 14. g4 Bc6 15. e4 Nd7 16. Nc4 Qc7 17. Rhe1 b5 18. Ne3 Ne5 19. Be2 Ng6 20. Nd5 exd5 21. exd5 O-O 22. dxc6 Qxc6 23. Bd3 Rae8 24. h4 c4 25. Be4 Qf6 26. h5 cxb3 27. axb3 Rc8 28. Re3 Nf4 29. Bxh7+ Kh8 30. Bf5 Rc5 31. Rd4 Nd5 32. Red3 Rxc3 33. Rxc3 Qxd4 34. Rc8 Qa1+ 35. Kd2 Qd4+ 36. Ke2 Qb4 37. Kf1 Qe7 38. Qc6 Nf4 39. Qe4 Rxc8 40. Qxe7 Rc1+ 41. Qe1 Rxe1+ 42. Kxe1 g6 43. hxg6 fxg6 44. Bd7 a6 45. g5 Kg7 46. Kd2 Kf7 47. Ke3 Ng2+ 48. Ke4 Ke7 49. Bg4 a5 50. Bd1 Kd6 51. f4 Ke6 52. Be2 a4 53. Bxb5 a3 54. b4 Kd6 55. Bc4 Ne1 56. Bb3 Nc2 57. f5 gxf5+ 58. Kf4 Nd4 59. Ba2 Ke7 60. Ke5 Nb5 61. Kxf5 Nc3 62. Bb3 a2 63. Bxa2 Nxa2 64. b5 Nb4 65. b6 Na6 66. b7 Kf7 67. Ke5 Kg6 68. Kf4 Nb8 69. Ke5 Na6 70. Kd6 Nb8 71. Kc7 Na6+ 72. Kb6 Nb8 73. Ka7 Nc6+ 74. Kb6 Nb8 75. Kc7 Na6+ 76. Kc8 Kxg5 77. b8=Q Nxb8 1/2-1/2


[Site "https://www.chess.com"]

[Event "Titled Tuesday Blitz September 13 Late 2022"]
[White "Kobo, Ori"]
[Black "Trost, Edvin"]
[WhiteFideId "2812320"]
[BlackFideId "1729519"]
[WhiteElo "2420"]
[BlackElo "2186"]
[Result "1-0"]
[Round "11"]
[TimeControl "180+1"]
[Date "2022.09.13"]
[WhiteClock "0:00:15"]
[BlackClock "0:00:06"]

1. Nf3 Nf6 2. c4 e6 3. g3 d5 4. Bg2 Be7 5. O-O O-O 6. b3 b6 7. Bb2 Bb7 8. cxd5 exd5 9. e3 Nbd7 10. Nc3 Re8 11. Re1 a6 12. Rc1 Bf8 13. Re2 Rc8 14. d4 c5 15. Rec2 c4 16. bxc4 dxc4 17. a4 Ne4 18. Nxe4 Bxe4 19. Rxc4 Rxc4 20. Rxc4 b5 21. axb5 axb5 22. Rc1 Qa8 23. Ne1 Bxg2 24. Nxg2 Nb6 25. Qb3 Nc4 26. Bc3 Rb8 27. Nf4 Bd6 28. Nd3 h5 29. Qd1 h4 30. Qg4 hxg3 31. hxg3 Rc8 32. Ra1 Qb7 33. Ra7 Qxa7 34. Qxc8+ Kh7 35. Qf5+ Kg8 36. Qxb5 Qa2 37. Qe8+ Kh7 38. Qxf7 Qb1+ 39. Ne1 Qb3 40. Qh5+ Kg8 41. Qd5+ Kh8 42. Qh5+ Kg8 43. Qe8+ Kh7 44. Qe4+ Kh8 45. Qc2 Qb7 46. Qe2 Nb6 47. e4 Na4 48. Bd2 Qb2 49. Qe3 Nb6 50. Qd3 Nd7 51. Nf3 Qa1+ 52. Kg2 g5 53. e5 Be7 54. Qg6 Qa7 55. Qe8+ Nf8 56. Bxg5 Kg7 57. Qxe7+ Qxe7 58. Bxe7 Ng6 59. Bf6+ Kh6 60. d5 Kh5 61. d6 Kg4 62. Nh2+ Kf5 63. d7 Ke4 64. d8=Q Nf4+ 65. gxf4 Kf5 66. Qd7+ Ke4 67. e6 Kf5 68. e7+ Kg6 69. e8=Q+ Kh6 70. Qg7# 1-0


[Site "https://www.chess.com"]

[Event "Titled Tuesday Blitz September 13 Late 2022"]
[White "Korchmar, Vasiliy"]
[Black "Barria Zuniga, Daniel"]
[WhiteFideId "24131750"]
[BlackFideId "3400816"]
[WhiteElo "2370"]
[BlackElo "2414"]
[Result "0-1"]
[Round "11"]
[TimeControl "180+1"]
[Date "2022.09.13"]
[WhiteClock "0:00:01"]
[BlackClock "0:00:13"]

1. e4 c5 2. Nf3 e6 3. g3 Nc6 4. Bg2 Nf6 5. Qe2 e5 6. O-O Be7 7. Nc3 O-O 8. d3 d6 9. Nd2 Nd4 10. Qd1 b5 11. h3 b4 12. Ne2 a5 13. f4 Nd7 14. Nc4 Nb6 15. Ne3 f6 16. c3 Nxe2+ 17. Qxe2 Be6 18. h4 Qd7 19. c4 a4 20. Bf3 a3 21. b3 Kh8 22. Kh2 Rae8 23. f5 Bf7 24. g4 Nc8 25. Nd5 Na7 26. Be3 Nc6 27. g5 Nd4 28. Bxd4 exd4 29. Rg1 Bxd5 30. cxd5 Qd8 31. Bh5 fxg5 32. Bxe8 Rxe8 33. Qg4 h6 34. Raf1 Bf6 35. hxg5 Bxg5 36. Qh5 Kg8 37. f6 Re5 38. Qg6 Qd7 39. f7+ Kf8 40. Qh7 Bf4+ 41. Rxf4 Rh5+ 42. Kg2 Qh3+ 43. Kf2 Qe3+ 44. Kg2 Rg5+ 45. Kh2 Qxg1+ 0-1


[Site "https://www.chess.com"]

[Event "Titled Tuesday Blitz September 13 Late 2022"]
[White "Lenderman, Aleksandr"]
[Black "Ter-Sahakyan, Samvel"]
[WhiteFideId "2021285"]
[BlackFideId "13302531"]
[WhiteElo "2607"]
[BlackElo "2604"]
[Result "1/2-1/2"]
[Round "11"]
[TimeControl "180+1"]
[Date "2022.09.13"]
[WhiteClock "0:00:25"]
[BlackClock "0:00:04"]

1. e4 c6 2. Nf3 d5 3. d3 Qc7 4. exd5 cxd5 5. c4 Nf6 6. Nc3 e6 7. cxd5 exd5 8. d4 Bb4 9. Bb5+ Bd7 10. Qe2+ Ne4 11. O-O Bxc3 12. bxc3 O-O 13. Bd3 Bf5 14. Qc2 Rc8 15. c4 Nc6 16. Rb1 Qd7 17. Be3 Bg6 18. c5 Nf6 19. Bxg6 hxg6 20. Qb2 b6 21. cxb6 axb6 22. Qxb6 Rxa2 23. Rfc1 Raa8 24. Qb7 Qxb7 25. Rxb7 Na5 26. Rxc8+ Rxc8 27. Ra7 Nc6 28. Ra6 Nb4 29. Rb6 Nc2 30. Bf4 Ne4 31. h4 Na3 32. Rb7 f6 33. Rd7 Nc3 34. Bd2 Nab1 35. Bxc3 Nxc3 36. g3 Ne4 37. Rxd5 Rc1+ 38. Kg2 Rc2 39. Nh2 Rxf2+ 40. Kh3 Rd2 41. Ng4 Rd3 42. Kh2 Nxg3 43. Rd8+ Kf7 44. Rd7+ Ke6 45. Rxg7 Nf5 46. Rxg6 Nxh4 47. Rxf6+ Kd5 48. Rh6 Nf3+ 49. Kg2 Nxd4 50. Rh5+ Kd6 51. Nf2 Rd2 52. Kf1 Ke7 53. Rh7+ Kf8 54. Ne4 Ra2 55. Rd7 Nb3 56. Nf6 Rb2 57. Ke1 Rb1+ 58. Ke2 Rb2+ 59. Ke3 Nc5 60. Nh7+ Ke8 61. Nf6+ Kf8 62. Rc7 Rc2 63. Nd7+ Ke7 64. Nxc5+ Kd6 65. Rd7+ Kc6 66. Rd8 Rxc5 67. Rc8+ Kb6 68. Rxc5 Kxc5 1/2-1/2


[Site "https://www.chess.com"]

[Event "Titled Tuesday Blitz September 13 Late 2022"]
[White "Maltsevskaya, Aleksandra"]
[Black "Shirov, Alexei"]
[WhiteFideId "24174041"]
[BlackFideId "2209390"]
[WhiteElo "2243"]
[BlackElo "2678"]
[Result "1-0"]
[Round "11"]
[TimeControl "180+1"]
[Date "2022.09.13"]
[WhiteClock "0:00:02"]
[BlackClock "0:00:02"]

1. e4 e5 2. Nf3 Nc6 3. Bb5 f5 4. d3 fxe4 5. dxe4 Nf6 6. O-O Bc5 7. Qe2 d6 8. h3 O-O 9. Nc3 Nd4 10. Nxd4 Bxd4 11. Bc4+ Kh8 12. Nd5 Nxd5 13. Bxd5 c6 14. Bb3 Qh4 15. c3 Bc5 16. Be3 Bxh3 17. Bxc5 dxc5 18. gxh3 Qxh3 19. f4 Rxf4 20. Rxf4 exf4 21. Rf1 Rf8 22. Qf3 Qh4 23. Rf2 g5 24. e5 g4 25. Qh1 Qe7 26. Qe4 f3 27. e6 Qg7 28. Bc2 Re8 29. Rh2 h6 30. Rh4 f2+ 31. Kf1 g3 32. Rg4 Qe7 33. Qg6 1-0


[Site "https://www.chess.com"]

[Event "Titled Tuesday Blitz September 13 Late 2022"]
[White "Marjanovic, Annamaria"]
[Black "Timmermans, Mark"]
[WhiteFideId "750930"]
[BlackFideId "1026399"]
[WhiteElo "2156"]
[BlackElo "2460"]
[Result "0-1"]
[Round "11"]
[TimeControl "180+1"]
[Date "2022.09.13"]
[WhiteClock "0:00:06"]
[BlackClock "0:01:24"]

1. c4 b6 2. e4 Bb7 3. Nc3 e5 4. g3 Nf6 5. Bg2 Be7 6. Nge2 O-O 7. O-O c5 8. d3 Nc6 9. f4 d6 10. f5 Nd4 11. Nxd4 cxd4 12. Nb1 b5 13. cxb5 d5 14. exd5 Bxd5 15. Bxd5 Nxd5 16. Qg4 f6 17. Bh6 Rf7 18. Na3 Rc8 19. Nc4 Nb4 20. Rfd1 Nxd3 21. Rxd3 Rxc4 22. Rc1 Qc8 23. Rdd1 Bf8 24. Bd2 Rfc7 25. Rxc4 Rxc4 26. Qe4 Rc2 27. g4 Rxd2 28. Rxd2 Qc1+ 29. Rd1 Qxd1+ 30. Kg2 Qd2+ 31. Kf1 Qc1+ 32. Kg2 Qxb2+ 33. Kh3 Qxb5 34. g5 fxg5 35. f6 Qd7+ 36. Kg3 gxf6 37. Qf3 Kg7 38. Qb3 Bd6 39. Kf2 e4 40. Qd5 Bg3+ 0-1


[Site "https://www.chess.com"]

[Event "Titled Tuesday Blitz September 13 Late 2022"]
[White "Martinez Ramirez, Lennis"]
[Black "Cardoso Cardoso, Jose Gabriel"]
[WhiteFideId "3509079"]
[BlackFideId "4430492"]
[WhiteElo "2374"]
[BlackElo "2485"]
[Result "0-1"]
[Round "11"]
[TimeControl "180+1"]
[Date "2022.09.13"]
[WhiteClock "0:00:10"]
[BlackClock "0:00:14"]

1. d4 d5 2. c4 dxc4 3. Nf3 Nf6 4. e3 e6 5. Bxc4 c5 6. O-O a6 7. Qe2 b5 8. Bd3 Bb7 9. dxc5 Bxc5 10. Bxb5+ axb5 11. Qxb5+ Qd7 12. Qxc5 Bxf3 13. gxf3 Nc6 14. Nc3 Ra5 15. Qc4 Rg5+ 16. Kh1 O-O 17. e4 Ne5 18. Qe2 Rh5 19. Bf4 Ng6 20. Bg3 e5 21. Rg1 Rh6 22. a4 Nh5 23. Nd5 Qh3 24. Rg2 Rd8 25. Qf1 Rxd5 26. exd5 Ngf4 27. Bxf4 Nxf4 28. Rxg7+ Kxg7 29. Qxh3 Rxh3 30. a5 Nxd5 31. a6 Nb6 32. Kg2 Rh6 33. a7 Na8 34. b4 Rb6 35. Ra4 Kf6 36. f4 e4 37. Kf1 Kf5 38. Ke2 Kxf4 39. Kd2 Kf3 40. Ke1 f5 41. Ra3+ Kf4 42. Ra4 Ke5 43. Kd2 Kd4 44. b5+ Kc5 45. Ke3 Rxb5 46. Kf4 Kb6 47. Ra1 Kb7 48. Rg1 Kxa7 49. Rg7+ Kb6 50. Rxh7 Nc7 51. Rh6+ Kb7 52. Rh5 Ne6+ 53. Kg3 f4+ 54. Kg4 Rxh5 55. Kxh5 e3 56. Kg4 e2 0-1


[Site "https://www.chess.com"]

[Event "Titled Tuesday Blitz September 13 Late 2022"]
[White "Melian, Juan Sebastian"]
[Black "Meduri, Aakaash"]
[WhiteFideId "3706575"]
[BlackFideId "2032252"]
[WhiteElo "1851"]
[BlackElo "2113"]
[Result "0-1"]
[Round "11"]
[TimeControl "180+1"]
[Date "2022.09.13"]
[WhiteClock "0:00:10"]
[BlackClock "0:00:08"]

1. e4 d5 2. Nc3 dxe4 3. Nxe4 Bf5 4. Ng3 Bg6 5. d4 e6 6. h4 h6 7. Nf3 Bd6 8. h5 Bh7 9. Ne2 Nf6 10. Bf4 O-O 11. Be5 Nc6 12. Nc3 Bxe5 13. dxe5 Qxd1+ 14. Rxd1 Ng4 15. Rd7 Rac8 16. Bd3 Bxd3 17. Rxd3 Ngxe5 18. Nxe5 Nxe5 19. Rd4 Rfd8 20. Rhh4 f5 21. Nb5 Rxd4 22. Rxd4 a6 23. Na3 Kf7 24. f4 Ng4 25. Rd7+ Kf8 26. Nc4 Nf6 27. Rd3 Nxh5 28. g3 Nf6 29. Ne5 Ke7 30. Ng6+ Ke8 31. Re3 Ne4 32. Rb3 b6 33. Ne5 Ke7 34. Ra3 a5 35. Rb3 g5 36. Ke2 Rg8 37. Rd3 Nd6 38. Kf3 gxf4 39. gxf4 Rg1 40. Rd2 Rf1+ 41. Kg3 Ne4+ 42. Kg2 Nxd2 0-1


[Site "https://www.chess.com"]

[Event "Titled Tuesday Blitz September 13 Late 2022"]
[White "Melikyan, Gnel"]
[Black "Alexikov, Alexander"]
[WhiteFideId "54109990"]
[BlackFideId "14103958"]
[WhiteElo "1772"]
[BlackElo "2222"]
[Result "1-0"]
[Round "11"]
[TimeControl "180+1"]
[Date "2022.09.13"]
[WhiteClock "0:00:17"]
[BlackClock "0:00:10"]

1. e4 c5 2. Nf3 d6 3. d4 cxd4 4. Nxd4 Nf6 5. f3 a6 6. c4 e6 7. Nc3 Be7 8. Be3 Nbd7 9. Be2 h5 10. O-O g6 11. Qd2 Qc7 12. Rac1 b6 13. b4 Bb7 14. Nd5 exd5 15. cxd5 Nc5 16. a4 Qd7 17. a5 Ncxe4 18. fxe4 bxa5 19. b5 Nxe4 20. Qc2 Bxd5 21. Rfd1 f5 22. Nc6 Bxc6 23. bxc6 Qc7 24. Qb2 O-O 25. Qb7 Qd8 26. Bc4+ Kh7 27. c7 Qd7 28. c8=Q Qe8 29. Qcxa8 1-0


[Site "https://www.chess.com"]

[Event "Titled Tuesday Blitz September 13 Late 2022"]
[White "Navarrete Mendez, Gonzalo Alberto"]
[Black "Sivakumar, Shaaketh"]
[WhiteFideId "5106850"]
[BlackFideId "30940176"]
[WhiteElo "2261"]
[BlackElo "1799"]
[Result "1-0"]
[Round "11"]
[TimeControl "180+1"]
[Date "2022.09.13"]
[WhiteClock "0:02:11"]
[BlackClock "0:02:17"]

1. e4 e6 2. d4 d5 3. Nc3 Bb4 4. e5 Ne7 5. a3 Bxc3+ 6. bxc3 c5 7. Qg4 Kf8 8. Nh3 b6 9. Nf4 Nf5 10. Bd3 Nh6 11. Qf3 Ba6 12. Nxe6+ Ke7 13. Nxd8 Rxd8 14. Bg5+ 1-0


[Site "https://www.chess.com"]

[Event "Titled Tuesday Blitz September 13 Late 2022"]
[White "Nazaretyan, Tigran"]
[Black "Hjartarson, Johann"]
[WhiteFideId "24162345"]
[BlackFideId "2300044"]
[WhiteElo "2173"]
[BlackElo "2458"]
[Result "0-1"]
[Round "11"]
[TimeControl "180+1"]
[Date "2022.09.13"]
[WhiteClock "0:01:17"]
[BlackClock "0:00:56"]

1. d4 Nf6 2. c4 e6 3. Nf3 b6 4. a3 c5 5. d5 Ba6 6. e4 Nxe4 7. Bd3 exd5 8. O-O Be7 9. cxd5 Bxd3 10. Qxd3 Nd6 11. Nc3 O-O 12. Bf4 c4 13. Qc2 Na6 14. Rfe1 Nc5 15. Ne5 Re8 16. Rad1 Bf6 17. Ng4 Rxe1+ 18. Rxe1 Nd3 19. Bxd6 Nxe1 20. Qe4 Bxc3 21. bxc3 Nd3 22. Qxc4 Nc5 23. Qf4 Qe8 24. Be5 f6 25. Nxf6+ gxf6 26. Qxf6 Qg6 0-1


[Site "https://www.chess.com"]

[Event "Titled Tuesday Blitz September 13 Late 2022"]
[White "Novikova, Galina"]
[Black "Gheorghiu, Calin"]
[WhiteFideId "4157095"]
[BlackFideId "1200305"]
[WhiteElo "1897"]
[BlackElo "2168"]
[Result "0-1"]
[Round "11"]
[TimeControl "180+1"]
[Date "2022.09.13"]
[WhiteClock "0:00:01"]
[BlackClock "0:00:14"]

1. e4 e6 2. Nf3 d5 3. e5 a5 4. c3 c5 5. d4 Nc6 6. Bd3 Qb6 7. O-O Bd7 8. dxc5 Bxc5 9. Bf4 Nge7 10. Bg3 Qxb2 11. Nbd2 Qb6 12. Rb1 Qa7 13. Nb3 Bb6 14. Ng5 h6 15. Qh5 g6 16. Qh4 a4 17. Nd2 Nf5 18. Bxf5 gxf5 19. Qh5 O-O-O 20. Ngf3 Rh7 21. c4 d4 22. Rfc1 Rg8 23. c5 Bxc5 24. Nc4 Rhg7 25. Qxh6 d3 26. Nd6+ Bxd6 27. exd6 Qa5 28. Qe3 e5 29. Nxe5 f4 30. Nxc6 Bxc6 31. Qxf4 Qd5 32. d7+ Kxd7 33. Qc7+ Ke6 34. Re1+ Kf6 35. Be5+ Kf5 36. f3 Rxg2+ 37. Kh1 Rg1+ 0-1


[Site "https://www.chess.com"]

[Event "Titled Tuesday Blitz September 13 Late 2022"]
[White "Preotu, Razvan"]
[Black "Hansen, Eric"]
[WhiteFideId "2613280"]
[BlackFideId "2606771"]
[WhiteElo "2407"]
[BlackElo "2568"]
[Result "1-0"]
[Round "11"]
[TimeControl "180+1"]
[Date "2022.09.13"]
[WhiteClock "0:00:14"]
[BlackClock "0:00:01"]

1. e4 c5 2. Nf3 d6 3. d4 cxd4 4. Nxd4 Nf6 5. Nc3 a6 6. Be3 e5 7. Nb3 Be6 8. f3 h5 9. Qd2 Nbd7 10. Nd5 Bxd5 11. exd5 b6 12. O-O-O Qc7 13. Kb1 Be7 14. g3 Qb7 15. h3 Rc8 16. Be2 g6 17. g4 Nc5 18. g5 Nfd7 19. f4 exf4 20. Bd4 Ne5 21. Qxf4 Ncd7 22. Nd2 O-O 23. Ne4 Qxd5 24. Nf6+ Bxf6 25. gxf6 Rfe8 26. Bxh5 Re6 27. Bg4 Rxf6 28. Bxe5 dxe5 29. Rxd5 exf4 30. Rxd7 Re8 31. Rf1 f3 32. Kc1 Re2 33. Rxf3 Rxf3 34. Bxf3 Rh2 35. Bd5 1-0


[Site "https://www.chess.com"]

[Event "Titled Tuesday Blitz September 13 Late 2022"]
[White "Sadhwani, Raunak"]
[Black "Andreikin, Dmitry"]
[WhiteFideId "35093487"]
[BlackFideId "4158814"]
[WhiteElo "2656"]
[BlackElo "2736"]
[Result "0-1"]
[Round "11"]
[TimeControl "180+1"]
[Date "2022.09.13"]
[WhiteClock "0:00:13"]
[BlackClock "0:00:12"]

1. d4 d5 2. Nf3 Nf6 3. Bf4 c5 4. e3 Nc6 5. Nbd2 Bg4 6. c3 a6 7. h3 Bxf3 8. Nxf3 e6 9. Bd3 Bd6 10. Bxd6 Qxd6 11. O-O O-O 12. Qd2 e5 13. dxe5 Nxe5 14. Nxe5 Qxe5 15. Rfd1 Rad8 16. Qe2 g6 17. Rd2 Rd6 18. Rad1 Rfd8 19. Bc2 b5 20. Bb3 Ne4 21. f4 Qe6 22. Qf3 Nxd2 23. Rxd2 Qe4 24. Kf2 Qxf3+ 25. Kxf3 Kg7 26. g4 f5 27. gxf5 gxf5 28. Bc2 Kf6 29. Rg2 d4 30. cxd4 cxd4 31. e4 fxe4+ 32. Bxe4 d3 33. Rd2 h5 34. h4 Rd4 35. Ke3 Ra4 36. Bxd3 Re8+ 37. Kf3 Rd4 38. a3 Re7 39. Rd1 a5 40. Rd2 b4 41. axb4 axb4 42. Rd1 Rd6 43. Rd2 Re1 44. Kf2 Re7 45. Kf3 b3 46. Rd1 Re8 47. Kf2 Rd4 48. Kf3 Re7 49. Rd2 Ree4 50. Rg2 Rxf4+ 51. Ke3 Rxh4 52. Rg6+ Ke7 53. Rh6 Rd6 54. Rh7+ Kf6 55. Bf1 Rh2 56. Bc4 Rh3+ 57. Ke2 Rd4 58. Bg8 Rg4 59. Bd5 Rg5 60. Rf7+ Kg6 61. Rd7 Kf6 62. Rf7+ Ke5 63. Bf3 Rf5 0-1


[Site "https://www.chess.com"]

[Event "Titled Tuesday Blitz September 13 Late 2022"]
[White "Salman, Pavel"]
[Black "Hoffmann, Asa"]
[WhiteFideId "24153753"]
[BlackFideId "2001470"]
[WhiteElo "2039"]
[BlackElo "2117"]
[Result "1-0"]
[Round "11"]
[TimeControl "180+1"]
[Date "2022.09.13"]
[WhiteClock "0:00:20"]
[BlackClock "0:00:45"]

1. Nf3 d6 2. g3 c6 3. Bg2 e5 4. O-O Nf6 5. d3 Be7 6. Nbd2 Be6 7. e4 h6 8. c3 Qd7 9. Re1 Na6 10. Qc2 O-O 11. a3 Nh7 12. d4 Nc7 13. dxe5 dxe5 14. Nxe5 Qc8 15. Ndf3 a5 16. Bf4 a4 17. Nd4 Bf6 18. Nef3 Bc4 19. e5 Be7 20. Nf5 Re8 21. Bh3 Be6 22. N3d4 Nd5 23. Bxh6 gxh6 24. Nxh6+ Kh8 25. Nxf7+ Bxf7 26. Bxc8 Raxc8 27. e6 Bg8 28. Re5 Bf6 29. Rh5 Rc7 30. Re1 Rg7 31. Kh1 Ne7 32. Re4 Ng6 33. Nf5 Rxe6 34. Nxg7 Kxg7 35. Rxe6 Bxe6 36. Qxa4 Bd5+ 37. Rxd5 cxd5 38. Qd7+ Ne7 39. Qxb7 Kf7 40. a4 Ng5 41. a5 Ne4 42. a6 Nxf2+ 43. Kg2 Ng4 44. a7 Ne3+ 45. Kh1 d4 46. cxd4 Bxd4 47. a8=Q Ng4 48. Qf3+ Nf6 49. b4 Ng6 50. Qad5+ 1-0


[Site "https://www.chess.com"]

[Event "Titled Tuesday Blitz September 13 Late 2022"]
[White "Sanchez, Robert"]
[Black "Goncalves, Davi Sulzbacher"]
[WhiteFideId "2034360"]
[BlackFideId "2154510"]
[WhiteElo "2424"]
[BlackElo "2107"]
[Result "0-1"]
[Round "11"]
[TimeControl "180+1"]
[Date "2022.09.13"]
[WhiteClock "0:00:06"]
[BlackClock "0:00:19"]

1. e4 e5 2. Nf3 Nf6 3. Nc3 d5 4. exd5 e4 5. Nd4 Bc5 6. Nb3 Bb6 7. Be2 O-O 8. O-O a5 9. a4 Bf5 10. d4 Re8 11. Bg5 Nbd7 12. h3 h6 13. Bh4 Qe7 14. Nb5 g5 15. Bg3 Nxd5 16. c4 Nf4 17. c5 c6 18. Nd6 Bxh3 19. Bxf4 Bxg2 20. Kxg2 gxf4 21. Rg1 Bc7 22. Kf1+ Kh8 23. Nxe8 Rxe8 24. Bc4 f3 25. Qd2 Qh4 26. Bxf7 Bf4 27. Qc3 Re7 28. d5+ Be5 29. Rg8+ Kh7 30. Qe3 Rxf7 31. Rg1 cxd5 32. Rd1 Nf6 33. Nd4 Ng4 34. Rxg4 Qxg4 35. Ke1 Bf4 0-1


[Site "https://www.chess.com"]

[Event "Titled Tuesday Blitz September 13 Late 2022"]
[White "Sarana, Alexey"]
[Black "Mirzoev, Azer"]
[WhiteFideId "24133795"]
[BlackFideId "13400304"]
[WhiteElo "2689"]
[BlackElo "2525"]
[Result "0-1"]
[Round "11"]
[TimeControl "180+1"]
[Date "2022.09.13"]
[WhiteClock "0:00:11"]
[BlackClock "0:00:35"]

1. c4 e6 2. Nc3 d5 3. d4 c6 4. cxd5 exd5 5. Bf4 Bf5 6. e3 Nd7 7. Nge2 Ngf6 8. Ng3 Bg6 9. h4 h5 10. Bd3 Bxd3 11. Qxd3 g6 12. f3 Be7 13. Bg5 O-O 14. O-O-O b5 15. e4 b4 16. Nce2 dxe4 17. fxe4 Ng4 18. Bxe7 Qxe7 19. Qf3 a5 20. Nf4 a4 21. Kb1 a3 22. b3 Rad8 23. Rd3 Rfe8 24. Re1 Qxh4 25. e5 Nf8 26. Rh1 Qg5 27. Ne4 Qf5 28. Ng3 Qg5 29. Kc2 c5 30. Nfxh5 gxh5 31. Rxh5 Qg6 32. Rh4 Rxd4 33. Nf5 Nxe5 34. Qh3 Rxh4 35. Qxh4 Qxf5 0-1


[Site "https://www.chess.com"]

[Event "Titled Tuesday Blitz September 13 Late 2022"]
[White "Sargsyan, Anna M."]
[Black "Rustemov, Alexander"]
[WhiteFideId "13308130"]
[BlackFideId "4119002"]
[WhiteElo "2271"]
[BlackElo "2841"]
[Result "0-1"]
[Round "11"]
[TimeControl "180+1"]
[Date "2022.09.13"]
[WhiteClock "0:00:18"]
[BlackClock "0:01:18"]

1. e4 e6 2. d3 c5 3. g3 Nc6 4. Bg2 g6 5. f4 Bg7 6. Nf3 Nge7 7. O-O O-O 8. Nc3 d6 9. Be3 Nd4 10. Qd2 Nec6 11. Nd1 b6 12. Ne1 d5 13. c3 Nb5 14. e5 Bb7 15. a4 Nc7 16. d4 cxd4 17. cxd4 a5 18. f5 exf5 19. Nf3 Ne6 20. Nc3 Nb4 21. Bh6 Ba6 22. Rfd1 Rc8 23. Bxg7 Kxg7 24. Qf2 Bd3 25. h3 Be4 26. g4 fxg4 27. hxg4 Nf4 28. Bf1 f6 29. Qg3 Bxf3 30. Qxf3 fxe5 31. dxe5 Qg5 32. Qg3 Nh5 33. Qg2 Qe3+ 34. Kh1 Ng3+ 35. Kh2 Rf2 0-1


[Site "https://www.chess.com"]